 Dungeon Crawl Stone Soup version 0.18.1-48-g4cf74bf (webtiles) character file.

61 MistressOfTheDunes the Insei (level 3, 0/29 HPs)
             Began as a Mummy Monk on July 19, 2016.
             Slain by an adder (5 damage)
             ... on level 2 of the Dungeon.
             The game lasted 00:02:00 (2280 turns).

MistressOfTheDunes the Insei (Mummy Monk)           Turns: 2280, Time: 00:02:01

Health: 0/29       AC:  0    Str: 14    XL:     3   Next: 83%
Magic:  3/3        EV: 13    Int:  9    God:
Gold:   145        SH:  0    Dex: 15    Spells: 0 memorised, 2 levels left

rFire  x . .     SeeInvis .       - Unarmed
rCold  + . .     Gourm    .     (no armour)
rNeg   + + +     Faith    .     (no shield)
rPois  ∞         Spirit   .     (no helmet)
rElec  .         Dismiss  .     (no cloak)
rCorr  .         Reflect  .     (no gloves)
SustAt .         Harm     .     (no boots)
MR     .....                    (no amulet)
Stlth  ++........               (no ring)
                                (no ring)

@: not resistant to hostile enchantments, unstealthy
A: no food or potions, fire vulnerability, cold resistance 1, negative energy
resistance 3, torment resistance, unbreathing
a: no special abilities


You were on level 2 of the Dungeon.
You were not hungry.

You visited 1 branch of the dungeon, and saw 3 of its levels.

You collected 145 gold pieces.


Innate Abilities, Weirdness & Mutations

You do not eat or drink.
Your flesh is vulnerable to fire.
You are immune to poison.
Your flesh is cold resistant.
You are immune to negative energy.
You are immune to unholy pain and torment.
You can survive without breathing.


   Skills:
 - Level 3.0 Fighting
 - Level 2.4 Dodging
 - Level 1.5 Stealth
 + Level 1.8 Shields
 - Level 4.0 Unarmed Combat


You had 2 spell levels left.
You didn't know any spells.

Inventory:

Armour
 c - a +2 buckler
Scrolls
 a - 4 scrolls of identify {unknown}
 b - 2 scrolls of recharging {unknown}
 d - 2 scrolls of random uselessness {unknown}
 e - a scroll of fog {unknown}
 f - a scroll of magic mapping {unknown}
 g - a scroll of amnesia {unknown}

Dungeon Overview and Level Annotations

Branches:
Dungeon (3/15)

Altars:
Dithmenos

≈≈≈≈≈≈≈≈≈≈≈▒▒▒......▒
▒........▒.
≈≈≈≈≈≈≈≈≈≈▒▒
▒.▒....▒▒▒........▒.
≈≈≈≈≈≈≈≈≈▒▒
▒.................▒.
≈≈≈≈≈≈≈≈▒▒
▒▒.............(..▒.
▒▒▒▒▒▒▒▒▒
▒<........▒▒▒▒▒▒.▒.
▒.........▒ ▒.▒.
▒..▒▒▒▒▒▒▒▒ ▒.▒.
▒..▒...▒ ▒▒▒▒▒▒.▒.
▒▒M▒...▒ ▒........
▒S▒...▒▒▒▒(†.((...
▒r▒...▒...........
▒>....▒...........
▒.....▒.....†.....
▒.....▒...........
▒.....▒...........
▒.....▒...........
▒▒▒▒▒▒▒▒▒▒........


You could see an adder and a rat.


Message History

The goblin shouts!!!
An adder comes into view!
A goblin comes into view! It is wielding a club!
You miss the adder! The adder bites you! The goblin closely misses you!
The rat bites you!
You can't go up here!!!
The adder bites you! * * * don't die
* * * The adder barely misses you!
The adder bites you! * * * don't die
* * * The goblin shouts!!!
The adder barely misses you! The adder bites you! * * * don't die
* * * The adder bites you! * * * don't die
* * * The adder bites you! * * * don't die
* * * The rat bites you! * * * don't die
* * * The adder barely misses you!
There is a stone staircase leading up here!
The rat barely misses you! The adder bites you! * * * don't die
* * * You climb upwards!
There is a stone staircase leading down here!
The rat closely misses you! The adder closely misses you!
You closely miss the adder! The adder bites you! rip

Action                   || total
-------------------------++-------
Melee: Unarmed           ||   136
       Punch             ||     1
 Stab: Sleeping          ||     5
Dodge: Dodged            ||    93
Block: Buckler           ||     5

Vault maps used:
D:1:      lemuel_arrival_hallway, roderic_roman_lattice
D:2:      kennysheep_big_flooded_room, grunt_dithmenos_smoke, first_bread
D:3:      lemuel_castle_with_subvaults, grunt_ministairs_13

Notes
Turn   | Place    | Note
--------------------------------------------------------------
     0 | D:1      | MistressOfTheDunes the Mummy Monk began the quest for the Orb.
     0 | D:1      | Reached XP level 1. HP: 18/18 MP: 1/1
   331 | D:1      | Reached XP level 2. HP: 19/24 MP: 2/2
   999 | D:2      | Reached skill level 4 in Unarmed Combat
  1013 | D:2      | Found a shadowy altar of Dithmenos.
  1283 | D:2      | Reached skill level 1 in Shields
  1283 | D:2      | Reached XP level 3. HP: 23/29 MP: 3/3
  2280 | D:2      | Slain by an adder

Vanquished Creatures
  3 adders (D:2)
  2 dart slugs (D:1)
  5 bats
  3 giant cockroaches (D:1)
  2 goblins
  6 hobgoblins
  A jackal (D:2)
  4 kobolds
  5 rats
31 creatures vanquished.
